 Dungeon Crawl Stone Soup version 0.19-a0-1895-g783e625 (console) character file.

91 ChaseSP the Changer (level 4, -2/32 HPs)
             Began as a Merfolk Transmuter on Oct 18, 2016.
             Slain by a gnoll
             ... wielding a +2 spear of freezing
              (8 damage)
             ... on level 2 of the Dungeon.
             The game lasted 00:05:29 (1661 turns).

ChaseSP the Changer (Merfolk Transmuter)            Turns: 1661, Time: 00:05:30

Health: -2/32      AC:  3    Str: 10    XL:     4   Next: 57%
Magic:  5/7        EV: 12    Int: 12    God:
Gold:   108        SH:  0    Dex: 15    Spells: 3 memorised, 1 level left

rFire  . . .     SeeInvis .       - Unarmed
rCold  . . .     Gourm    .     h - +0 leather armour
rNeg   . . .     Faith    .     (no shield)
rPois  .         Spirit   .     (no helmet)
rElec  .         Reflect  .     (no cloak)
rCorr  .         Harm     .     (no gloves)
MR     .....                    (no boots)
Stlth  +.........               (no amulet)
                                (no ring)
                                (no ring)

@: no status effects
A: change form in water, swift swim, stealthy swim
a: no special abilities


You were on level 2 of the Dungeon.
You were not hungry.

You visited 1 branch of the dungeon, and saw 2 of its levels.

You collected 108 gold pieces.

Inventory:

Missiles
 a - 71 arrows
 m - 3 javelins (quivered)
Armour
 h - a +0 leather armour (worn)
Scrolls
 e - a scroll of random uselessness {unknown}
 f - a scroll of identify {unknown}
 g - a scroll of amnesia {unknown}
 i - 3 scrolls of fog {unknown}
 n - a scroll of enchant armour {unknown}
Potions
 b - 2 potions of curing {unknown}
 j - a potion of heal wounds {unknown}
 l - 2 potions of haste {unknown}
Books
 c - a book of Changes

   Spells                             Type                      Level
   a - Beastly Appendage              Transmutation                1
   b - Sticks to Snakes               Transmutation                2
   c - Spider Form                    Transmutation/Poison         3
   d - Ice Form                       Ice/Transmutation            4
   e - Blade Hands                    Transmutation                5
Comestibles
 d - 3 bread rations
 k - a meat ration
 o - 8 chunks of flesh


   Skills:
 - Level 1.1 Fighting
 - Level 2.6 Dodging
 - Level 4.0 Unarmed Combat
 - Level 2.0 Spellcasting
 + Level 4.7 Transmutations
 - Level 2.0 Poison Magic


You had one spell level left.
You knew the following spells:

 Your Spells              Type           Power        Failure   Level  Hunger
a - Beastly Appendage     Tmut           ##....       8%          1    ##.....
b - Sticks to Snakes      Tmut           ##......     10%         2    ###....
c - Spider Form           Tmut/Pois      #.........   34%         3    ####...


Dungeon Overview and Level Annotations

Branches:
Dungeon (2/15)

Altars:
Dithmenos
Elyvilon
Makhleb


Message History

The gnoll is heavily wounded.
The gnoll hits you with a spear of freezing!
* * * LOW HITPOINT WARNING * * *
The gnoll freezes you.
* * * LOW HITPOINT WARNING * * *
You are too injured to fight recklessly!
The gnoll barely misses you.
Casting: Sticks to Snakes
Confirm with . or Enter, or press ? or * to list all spells.
You create a snake!
You now have 71 arrows.
The gnoll closely misses you.
The gnoll hits you with a spear of freezing.
* * * LOW HITPOINT WARNING * * *
The gnoll freezes you.
* * * LOW HITPOINT WARNING * * *
Your ball python barely misses the gnoll.
Your ball python closely misses the gnoll.
You hit the gnoll.
The gnoll is severely wounded.
The gnoll hits you with a spear of freezing!
You die...

######....>.#.###.#
#. ≈≈#
#...##.......# #.
.#≈≈#
##..####.##### #.
#g#≈≈#
#......(######## ##
..#≈≈#
#.#######......# #
.#.#≈≈ #.# #......#
# #...#≈####.#
#......####
#.#..'.##g##
#......#...
#.b.'..S.@#
#......#...
#.#..'.###.#
#....._...#
#...#≈### #†#
#........# #.#.#≈≈
#.# ##.###...# #≈≈#
#.# ## ######..#
#≈≈# #.###.##
#....... #≈≈#
#)##.#.####.......
#≈≈#
#...............##
≈≈#
####.#.###.......)


You could see a gnoll, a bat and a friendly ball python.

Vanquished Creatures
  2 gnolls (D:2)
  An adder (D:2)
  3 dart slugs
  7 bats
  2 giant cockroaches
  9 goblins
  4 hobgoblins
  6 kobolds
  5 frilled lizards
  3 rats (D:1)
42 creatures vanquished.

Vanquished Creatures (collateral kills)
  2 adders (D:2)
2 creatures vanquished.

Grand Total: 44 creatures vanquished

Notes
Turn   | Place    | Note
-------+----------+-------------------------------------------
     0 | D:1      | ChaseSP the Merfolk Transmuter began the quest for the Orb.
     0 | D:1      | Reached XP level 1. HP: 15/15 MP: 3/3
   332 | D:1      | Reached XP level 2. HP: 21/21 MP: 5/5
   406 | D:1      | Learned a level 2 spell: Sticks to Snakes
   740 | D:1      | Reached XP level 3. HP: 17/26 MP: 6/6
   745 | D:1      | Learned a level 3 spell: Spider Form
  1224 | D:2      | Reached skill level 1 in Poison Magic
  1352 | D:2      | Found a shadowy altar of Dithmenos.
  1368 | D:2      | Reached XP level 4. HP: 32/32 MP: 3/7
  1415 | D:2      | Found a burning altar of Makhleb.
  1534 | D:2      | Found a white marble altar of Elyvilon.
  1661 | D:2      | Slain by a gnoll

Vault maps used:
D:1:      dpeg_arrival_shelter, minivault_5, minmay_statues_item
D:2:      overflow_temple_1_default, lemuel_crystal_altar, bloody_makhleb,
          minivault_11, grunt_decor_fettered, kennysheep_cluttered_room

Skill      XL: |  1  2  3  4 |
---------------+-------------+-----
Unarmed Combat | 4 |  4.0
Transmutations | 3 4 |  4.7
Poison Magic   | 1 2 |  2.0
Fighting       | |  1.1
Dodging        | |  2.6
Spellcasting   | |  2.0

Action                   |  1- 3 |  4- 6 || total
-------------------------+-------+-------++-------
Melee: Unarmed           |   118 |    44 ||   162
       Punch             |       |     2 ||     2
 Cast: Beastly Appendage |     1 |       ||     1
       Sticks to Snakes  |     3 |     4 ||     7
 Stab: Sleeping          |     2 |       ||     2
  Eat: Chunk             |     2 |     1 ||     3
Armor: Robe              |    10 |       ||    10
       Leather armour    |    17 |    11 ||    28
Dodge: Dodged            |    90 |    43 ||   133
